 Dungeon Crawl Stone Soup version 0.29.0-11-gd7f09526c8 (webtiles) character file.

Game seed: 15984999381409924719

9914 smilodon the Cleaver (level 11, -19/84 HPs)
             Began as a Demonspawn Fighter on Sept 6, 2022.
             Was an Elder of Okawaru.
             Shot with a bolt by an orc warrior (21 damage)
             ... on level 1 of the Orcish Mines.
             The game lasted 00:22:42 (12932 turns).

smilodon the Cleaver (Demonspawn Fighter)          Turns: 12932, Time: 00:22:42

Health: -19/84     AC: 13    Str: 19    XL:     11   Next: 29%
Magic:  20/20      EV: 12    Int: 12    God:    Okawaru [****..]
Gold:   510        SH:  5    Dex: 18    Spells: 22/22 levels left

rFire   . . .      SeeInvis .   N - +3 war axe (vamp)
rCold   . . .      Faith    .   (no shield)
rNeg    . . .      Spirit   .   b - +2 scale mail
rPois   .          Reflect  +   (helmet restricted)
rElec   .          Harm     .   (no cloak)
rCorr   .          Rampage  .   (no gloves)
Will    .....                   (no boots)
Stlth   +.........              z - amulet "Bego" {Reflect SH+5 Stlth+}
HPRegen 0.24/turn               j - +4 ring of protection
MPRegen 0.17/turn               t - +6 ring of dexterity

@: no status effects
A: hooves 2, horns 2, demonic magic 1, demonic touch 2
a: Renounce Religion, Heroism, Finesse


You were on level 1 of the Orcish Mines.
You worshipped Okawaru.
Okawaru was greatly pleased with you.
You visited 2 branches of the dungeon, and saw 10 of its levels.

You collected 840 gold pieces.
You spent 330 gold pieces at shops.

Inventory:

Hand Weapons
 a - a +0 war axe
 d - a +2 war axe of electrocution
 i - the +6 spear "Firafe" {flame, rCorr}
   (You took it off a spriggan on level 8 of the Dungeon)

   It burns those it strikes, dealing additional fire damage.
   rCorr:     It protects you from acid and corrosion.
 k - a +1 flail of protection
 A - a +1 hand axe of flaming
 N - a +3 vampiric war axe (weapon)
Missiles
 l - 10 boomerangs (quivered)
 w - 4 poisoned darts
 F - a javelin
 J - 3 datura-tipped darts
Armour
 b - a +2 scale mail (worn)
 c - a +0 buckler
Jewellery
 j - a +4 ring of protection (left hand)
 t - a +6 ring of dexterity (right hand)
 x - a ring of willpower
 y - a ring of ice
 z - the amulet "Bego" (around neck) {Reflect SH+5 Stlth+}
   (You found it on level 7 of the Dungeon)

   [amulet of reflection]

   It reflects blocked missile attacks.
   SH:        It affects your SH (+5).
   Stlth:     It makes you more stealthy.
 C - an amulet of faith
 K - a ring of flight
Wands
 o - a wand of polymorph (20)
 p - a wand of digging (4)
 q - a wand of iceblast (11)
 r - a wand of flame (14)
 B - a wand of light (9)
Scrolls
 g - 4 scrolls of amnesia
 h - a scroll of torment
 u - a scroll of enchant armour
 v - 3 scrolls of identify
 D - a scroll of enchant weapon
 G - a scroll of brand weapon {unknown}
 I - a scroll of immolation
Potions
 e - a potion of curing
 f - a potion of brilliance
 s - a potion of flight
 E - a potion of magic
 L - a potion of ambrosia {unknown}
 M - a potion of lignification


   Skills:
 + Level 7.4 Fighting
 + Level 9.8 Axes
 + Level 0.6 Throwing
 + Level 7.1 Armour
 + Level 3.9 Dodging
 - Level 0.6 Stealth
 - Level 3.1 Shields
 * Level 6.1 Spellcasting
 * Level 8.3 Invocations


You had 22 spell levels left.
You didn't know any spells.
Your spell library contained the following spells:

 Spells                   Type           Power      Damage    Failure   Level
 Necrotise                Necr           12%        1d4       43%         1
 Conjure Flame            Conj/Fire      3%         6-21      82%         3
 Dazzling Flash           Conj/Hex       6%         N/A       82%         3
 Ignite Poison            Fire/Tmut/Pois 3%         N/A       82%         3
 Portal Projectile        Hex/Tloc       6%         N/A       82%         3
 Vampiric Draining        Necr           3%         2d6       82%         3
 Iskenderun's Mystic Bla  Conj/Tloc      3%         2d3       99%         4
 Leda's Liquefaction      Hex/Erth       1%         N/A       99%         4
 Passage of Golubria      Tloc           3%         N/A       99%         4
 Sticky Flame             Conj/Fire      3%         2d3       99%         4
 Agony                    Necr           3%         N/A       100%        5
 Silence                  Hex/Air        1%         N/A       100%        5
 Yara's Violent Unravell  Hex/Tmut       1%         3d3       100%        5
 Starburst                Conj/Fire      1%         6d3       100%        6
 Call Canine Familiar     Summ           Unusable   N/A       N/A         3
 Tukima's Dance           Hex            Unusable   N/A       N/A         3

Dungeon Overview and Level Annotations

Branches:
Dungeon (9/15)             Temple (0/1) D:4             Orc (1/2) D:9
   Lair: D:8-11

Altars:
Ashenzari
Dithmenos
Kikubaaqudgha
Makhleb
Nemelex Xobeh
Okawaru
Qazlal
Trog
Vehumet

Shops:
D:8 (   Orc:1 ((!


Innate Abilities, Weirdness & Mutations

You have hoof-like feet.
You have a pair of horns on your head.
Spells you cast may paralyse adjacent enemies.
Your touch may inflict irresistible damage on your foes.


Message History

The orc priest hits you with a +0 whip.
You feel better.
The orc warrior unwields a +0 mace.
The orc warrior wields a +0 arbalest.
The orc warrior shoots a bolt.
The bolt hits you but does no damage. The orc priest hits you with a +0 whip.
The orc attacks as you move away! The orc closely misses you.
You hear some strange, mumbled words.
You are confused.
You feel better. The orc closely misses you.
Something hits you but does no damage. The orc attacks as you move away!
The orc hits you but does no damage.
The orc priest invokes the aid of Beogh against you.
Beogh smites you!
The sentinel's mark upon you fades away.
Something hits you but does no damage.
Okay, then.
Okay, then.
You feel much better. Something hits you but does no damage.
Something barely misses you.
The orc priest miscasts a cantrip.
Okay, then.
There is an entrance to Uridd's Antique Weapon Boutique here.
You see here a warg skeleton.
There is a staircase back to the Dungeon here.
You climb upwards.
Welcome back to the Dungeon!
Reactivating autopickup.
There is a staircase to the Orcish Mines here.
You start resting.
HP restored.
You climb downwards.
Welcome back to the Orcish Mines!
The orc warrior hits you with a +0 flail.
The orc hits you with a +0 flail.
The ettin hits you with a +0 dire flail!! x2
The ogre closely misses you.
The orc warrior shoots a bolt.
The bolt barely misses you.
The orc warrior hits you with a +0 flail.
The ettin hits you with a +0 dire flail!!
* * * LOW HITPOINT WARNING * * *
The ettin closely misses you. The orc hits you but does no damage.
The orc warrior shoots a bolt.
The bolt hits you!!
You die...

....# ##....♣...##...$...#
...####
#....o...o.#.#......
......#
##...♣∩♣..###.......
......#
#.......#####......##
......#
##....♣...##.#....##.#
).)####
#......o.............
)...## ##.#...............#
)..#.## ####.C.............
......#### ###@o........#.#
.#.#..##.######Oo.##.....##
####.......#.#.[[..#.....##
##.#...........).......#
#.....#......∩......#.## #
##.#.##..............##
#######.##.....#.#.##
#####...###### #####


You could see an ettin, 2 orc warriors, an ogre, an orc wizard and an orc.

Vanquished Creatures
  The ghost of enile the Fighter, a novice MeWn of Wu Jian (D:8)
  3 two-headed ogres
  Joseph (D:9)
  Prince Ribbit (D:9)
  3 spriggans (D:8)
  2 shadows
  4 yaks (D:6)
  4 steam dragons
  A warg (Orc:1)
  An acid dragon (D:8)
  A sky beast (D:3)
  2 ice beasts
  3 black bears
  11 orc warriors
  3 centaurs
  A phantom (D:6)
  A bullfrog (D:6)
  6 scorpions
  3 necrophages
  A wyvern zombie (D:9)
  2 gnoll sergeants (D:8)
  7 wights
  4 killer bees (D:9)
  3 howler monkeys
  3 centaur zombies (D:9)
  A human zombie (D:9)
  13 orc priests
  5 hounds
  5 jellies
  3 iguanas
  16 orc wizards
  2 mummies (D:9)
  9 gnolls
  5 adders
  A shadow imp (D:6)
  A worm (D:4)
  4 dart slugs
  67 orcs
  5 bats
  8 endoplasms
  A giant cockroach (D:3)
  10 goblins
  4 hobgoblins
  9 jackals
  A quokka (D:3)
  14 ball pythons
  4 frilled lizards
  6 kobolds
  4 rats
270 creatures vanquished.

Vanquished Creatures (others)
  A plant (D:8)
1 creature vanquished.

Grand Total: 271 creatures vanquished

Notes
Turn   | Place    | Note
-------+----------+-------------------------------------------
     0 | D:1      | smilodon the Demonspawn Fighter began the quest for the
                  | Orb.
     0 | D:1      | Reached XP level 1. HP: 18/18 MP: 1/1
   155 | D:1      | Discovered your monstrous ancestry.
   155 | D:1      | Gained mutation: You have a pair of small horns on your
                  | head. [demonic ancestry]
   155 | D:1      | Reached XP level 2. HP: 24/24 MP: 2/2
   177 | D:1      | Reached skill level 2 in Axes
   751 | D:1      | Reached XP level 3. HP: 19/29 MP: 3/3
  1491 | D:2      | Found a faded altar of an unknown god.
  1730 | D:3      | Reached XP level 4. HP: 35/35 MP: 4/4
  1953 | D:3      | Reached skill level 3 in Axes
  2369 | D:3      | Noticed a sky beast
  2383 | D:3      | Killed a sky beast
  2384 | D:3      | Gained mutation: You have a pair of horns on your head.
                  | [demonic ancestry]
  2384 | D:3      | Reached XP level 5. HP: 25/42 MP: 5/5
  2536 | D:3      | Found an iron altar of Okawaru.
  2545 | D:3      | Became a worshipper of Warmaster Okawaru
  2628 | D:4      | Reached skill level 4 in Axes
  2700 | D:4      | Gained mutation: Spells you cast may paralyse adjacent
                  | enemies. [demonic ancestry]
  2700 | D:4      | Reached XP level 6. HP: 42/48 MP: 6/6
  2778 | D:4      | Found a staircase to the Ecumenical Temple.
  2787 | D:4      | Reached skill level 1 in Dodging
  3121 | D:4      | Reached * piety under Okawaru
  3243 | D:4      | Reached skill level 1 in Invocations
  3342 | D:4      | Found a broken altar of Ashenzari.
  3459 | D:5      | Entered Level 5 of the Dungeon
  3459 | D:5      | Noticed a shadow
  3466 | D:5      | Gained mutation: Your touch may inflict minor irresistible
                  | damage on your foes. [demonic ancestry]
  3466 | D:5      | Reached XP level 7. HP: 31/55 MP: 7/7
  3468 | D:5      | Killed a shadow
  3469 | D:5      | Reached skill level 5 in Axes
  3469 | D:5      | Reached skill level 1 in Spellcasting
  4722 | D:6      | Noticed a steam dragon
  4730 | D:6      | Killed a steam dragon
  4731 | D:6      | Reached skill level 5 in Fighting
  4731 | D:6      | Gained mutation: You have large cloven feet. [demonic
                  | ancestry]
  4731 | D:6      | Reached XP level 8. HP: 27/62 MP: 9/11
  4737 | D:6      | Reached ** piety under Okawaru
  5126 | D:6      | Noticed a two-headed ogre
  5133 | D:6      | Killed a two-headed ogre
  5133 | D:6      | Reached *** piety under Okawaru
  5134 | D:6      | Reached skill level 6 in Axes
  5134 | D:6      | Reached skill level 5 in Armour
  5538 | D:6      | Reached XP level 9. HP: 68/68 MP: 13/13
  5549 | D:6      | Reached **** piety under Okawaru
  5550 | D:6      | Reached skill level 5 in Invocations
  5552 | D:6      | Reached skill level 7 in Axes
  6521 | D:7      | Identified the amulet "Bego" {Reflect SH+5 Stlth+}
  7548 | D:8      | Found a runed translucent door.
  7548 | D:8      | Identified the +6 spear "Firafe" {flame, rCorr}
  7551 | D:8      | Noticed enile's ghost (novice MeWn)
  7568 | D:8      | Reached skill level 8 in Axes
  7580 | D:8      | Killed enile's ghost
  7581 | D:8      | Gained mutation: You have hoof-like feet. [demonic
                  | ancestry]
  7581 | D:8      | Reached XP level 10. HP: 58/76 MP: 9/16
  7701 | D:8      | Found Moivamnia's Antique Weapon Shop.
  8214 | D:8      | Noticed a two-headed ogre
  8221 | D:8      | Killed a two-headed ogre
  8221 | D:8      | Reached ***** piety under Okawaru
  8222 | D:8      | Reached skill level 5 in Spellcasting
  8377 | D:8      | Found a bloodstained altar of Trog.
  8378 | D:8      | Found a sparkling altar of Nemelex Xobeh.
  8764 | D:8      | Found a stormy altar of Qazlal.
  8953 | D:9      | Noticed Prince Ribbit
  8971 | D:9      | Killed Prince Ribbit
  8987 | D:9      | Noticed a two-headed ogre
  9193 | Arena    | Entered the Arena
  9197 | Arena    | Killed a two-headed ogre
  9197 | Arena    | Received a gift from Okawaru
  9198 | Arena    | Reached skill level 9 in Axes
 10451 | D:9      | Found a runed translucent door.
 10462 | D:9      | Received a gift from Okawaru
 10510 | D:9      | Gained mutation: Your touch may inflict irresistible damage
                  | on your foes. [demonic ancestry]
 10510 | D:9      | Reached XP level 11. HP: 59/84 MP: 15/19
 10677 | D:9      | Found a staircase to the Orcish Mines.
 11131 | D:9      | Found a burning altar of Makhleb.
 11137 | D:9      | Noticed an angel
 11137 | D:9      | Noticed a green death
 11160 | D:9      | Noticed Joseph
 11175 | D:9      | Killed Joseph
 11373 | D:9      | Found a shadowy altar of Dithmenos.
 11375 | D:9      | Found a radiant altar of Vehumet.
 11712 | D:9      | Found an ancient bone altar of Kikubaaqudgha.
 12127 | D:9      | Identified the +6 halberd of Greed {holy, rC++ Int+5
                  | Stlth-}
 12207 | Orc:1    | Entered Level 1 of the Orcish Mines
 12207 | Orc:1    | Found Xor Gusi's Weapon Shoppe.
 12207 | Orc:1    | Found Uridd's Antique Weapon Boutique.
 12269 | Orc:1    | Bought a +3 vampiric war axe for 330 gold pieces
 12295 | Orc:1    | Found Suonem's Distillery.
 12301 | Orc:1    | Noticed an ettin
 12307 | Orc:1    | HP: 3/84 [ettin/+0 dire flail (39)]
 12932 | Orc:1    | HP: 2/84 [ettin/+0 dire flail (24)]
 12932 | Orc:1    | Shot with a bolt by an orc warrior

Illustrated notes

Levels and vault maps discovered:
D:1:      dpeg_arrival_rhombus, layout_loops_ring
D:2:      layout_rooms, basic_ecumenical_altar
D:3:      layout_rooms, kennysheep_okawaru_gauntlet, wad_floor_pattern_1,
          dreamdust_princess_bridge
D:4:      layout_loops_cross, ashenzari_altar_1,
          minmay_temple_entry_statues_fountains, chequers_serial_rivers_large_b,
          kennysheep_generic_room_5
D:5:      layout_cave_pods, kennysheep_small_square
D:6:      layout_loops_corners
D:7:      layout_gridville
D:8:      layout_basic, gammafunk_temple_overflow_statue,
          lemuel_coloured_pillars_altar, serial_shops, nicolae_shop_trees,
          ebering_ghost_funeral_grove
D:9:      layout_long_grid, grunt_temple_overflow_order_and_chaos_2,
          lemuel_mausoleum_altar_kikubaaqudgha, minitemple, david_orc_5,
          lightli_church_of_beogh, uniq_prince_ribbit1, uniq_joseph
Orc:1:    layout_diamond_mine, serial_shops, nicolae_shop_trees, shop,
          nicolae_shop_bloodbath_and_beyond, shop, mines2_david

Skill      XL: |  1  2  3  4  5  6  7  8  9 10 11 |
---------------+----------------------------------+-----
Axes           | 2 3 4 5 6 8 9 |  9.8
Armour         | 3 4 5 6 7 |  7.1
Shields        | 3 |  3.1
Fighting       | 4 5 6 7 |  7.4
Dodging        | 1 2 3 |  3.9
Invocations    | 1 3 4 6 7 8 |  8.3
Spellcasting   | 2 3 4 5 6 |  6.1
Throwing       | |  0.6
Stealth        | |  0.6

Action                   |  1- 3 |  4- 6 |  7- 9 | 10-12 || total
-------------------------+-------+-------+-------+-------++-------
Melee: War axe           |   102 |   109 |   190 |   227 ||   628
       Headbutt          |    15 |    11 |    35 |    53 ||   114
       Touch             |       |       |    27 |    37 ||    64
       Punch             |       |       |     2 |     3 ||     5
       Kick              |       |       |    35 |    76 ||   111
Throw: Boomerang         |       |       |     4 |    13 ||    17
Invok: Heroism           |       |       |     2 |     4 ||     6
       Finesse           |       |       |     2 |     3 ||     5
       Duel              |       |       |       |     1 ||     1
Evoke: Wand              |       |       |     1 |     3 ||     4
  Use: Scroll            |     3 |     2 |     8 |     5 ||    18
       Potion            |       |     9 |     5 |     6 ||    20
 Stab: Invisible         |       |       |     3 |       ||     3
       Sleeping          |       |       |     1 |     3 ||     4
Armor: Scale mail        |    54 |    81 |   107 |   104 ||   346
Dodge: Dodged            |    35 |    57 |   108 |   116 ||   316
Block: Buckler           |    24 |    16 |       |       ||    40
       Other             |       |       |     8 |    52 ||    60
